 Dungeon Crawl Stone Soup version 0.22.1-2-g9c5b331 (webtiles) character file.

7006 troglodite the Spear-Bearer (level 10, 0/82 HPs)
             Began as a Demonspawn Berserker on Dec 7, 2018.
             Was a High Priest of Trog.
             Slain by a cyan ugly thing (14 damage)
             ... on level 9 of the Dungeon on Dec 13, 2018.
             The game lasted 00:36:08 (8799 turns).

troglodite the Spear-Bearer (Demonspawn Berserker)  Turns: 8799, Time: 00:36:09

Health: 0/82       AC: 21    Str: 20    XL:     10   Next: 82%
Magic:  0/10       EV:  9    Int:  9    God:    Trog [*****.]
Gold:   403        SH:  8    Dex: 15    Spells: 9/9 levels left

rFire    . . .     SeeInvis .   D - +3 hand axe (flame)
rCold    . . .     Gourm    .   (no shield)
rNeg     . . .     Faith    .   k - +0 plate armour
rPois    +         Spirit   +   (helmet restricted)
rElec    .         Reflect  .   B - +2 cloak {rPois}
rCorr    .         Harm     .   s - +0 pair of gloves
MR       .....                  (no boots)
Stlth    ..........             (no amulet)
HPRegen  0.23/turn              f - +3 ring of protection
MPRegen  0.24/turn              i - +2 ring of strength

@: no status effects
A: antennae 1, large bone plates 3, magic shield, magic regeneration
a: Berserk, Trog's Hand, Brothers in Arms, Renounce Religion


You were on level 9 of the Dungeon.
You worshipped Trog.
Trog was extremely pleased with you.
You were not hungry.

You visited 1 branch of the dungeon, and saw 9 of its levels.

You collected 403 gold pieces.

Inventory:

Hand Weapons
 a - a +0 falchion
 m - a +2 spear of venom
 D - a +3 hand axe of flaming (weapon)
Armour
 k - a +0 plate armour (worn)
 s - a +0 pair of gloves (worn)
 B - a +2 cloak of poison resistance (worn)
Jewellery
 f - a +3 ring of protection (left hand)
 g - an uncursed ring of see invisible
 i - a +2 ring of strength (right hand)
 y - an uncursed ring of poison resistance
 K - an uncursed amulet of rage {unknown}
Wands
 l - a wand of polymorph (2)
 t - a wand of enslavement (12)
 v - a wand of flame (49)
 z - a wand of scattershot (3)
 C - a wand of disintegration (12)
Scrolls
 b - 2 scrolls of magic mapping
 d - 10 scrolls of identify
 e - a scroll of enchant armour
 h - 3 scrolls of fear
 j - 2 scrolls of blinking
 o - 12 scrolls of remove curse
 u - a scroll of enchant weapon {unknown}
 w - a scroll of fog
 x - 2 scrolls of noise {unknown}
 A - 3 scrolls of teleportation {unknown}
 E - a scroll of torment {unknown}
 F - a scroll of immolation {unknown}
 G - a scroll of summoning {unknown}
Potions
 n - 6 potions of curing
 p - a potion of berserk rage
 q - 3 potions of lignification
 r - 3 potions of flight
 H - 2 potions of invisibility
 I - a potion of mutation {unknown}
Comestibles
 c - 14 rations
 J - 3 chunks of flesh


   Skills:
 * Level 8.4 Fighting
 + Level 3.4 Long Blades
 + Level 1.3(5.7) Axes
 + Level 8.8(8.9) Polearms
 * Level 8.0 Armour
 * Level 5.7 Dodging
 + Level 2.6 Stealth


You had 9 spell levels left.
You didn't know any spells.
Your spell library was empty.

Dungeon Overview and Level Annotations

Branches:
Dungeon (9/15)             Temple (0/1) D:5            Lair (0/6) D:8
    Orc: D:9-12

Altars:
Ashenzari
Kikubaaqudgha
Makhleb
Qazlal
Ru
Sif Muna
Trog
Uskayaw
Wu Jian
Xom

Annotations:
D:7 3 runed doors, jombi's ghost, novice DsVM


Innate Abilities, Weirdness & Mutations

You have a pair of small antennae on your head.
You are completely covered in large bone plates. (SH +8)
When hurt, damage is shared between your health and your magic reserves.
You regenerate magic rapidly.


Message History

The cyan ugly thing kicks you! The cyan ugly thing shocks you!
You closely miss the cyan ugly thing.
The cyan ugly thing is severely wounded.
The cyan ugly thing kicks you! The cyan ugly thing shocks you!
You completely miss the cyan ugly thing.
The cyan ugly thing is severely wounded.
The cyan ugly thing kicks you but does no damage.
You hit the cyan ugly thing but do no damage.
The cyan ugly thing is severely wounded.
The cyan ugly thing kicks you! The cyan ugly thing shocks you!
* * * LOW HITPOINT WARNING * * *
You slash the cyan ugly thing! You burn the cyan ugly thing.
The cyan ugly thing is almost dead.
You block the cyan ugly thing's attack.
You hit the cyan ugly thing but do no damage.
The cyan ugly thing is almost dead.
The cyan ugly thing kicks you.
* * * LOW HITPOINT WARNING * * *
The cyan ugly thing shocks you!
You die...

#...........#
#.......##..#
#..####.##..#
#..# ..... #).#
...##
#..######...###
##.............
#......###..#
#......u@..# .#
#......###..#
.# ##....## .#
.. ####.# ..
###.# #.# ##
#.# #.# #.# ...
#.# .. #.#


You could see a cyan ugly thing.

Vanquished Creatures
  A hydra (D:8)
  A two-headed ogre (D:8)
  Maurice (D:8)
  A troll (D:9)
  A hornet (D:7)
  Grinder (D:3)
  Prince Ribbit (D:6)
  2 dream sheep (D:8)
  2 yaks (D:8)
  A hungry ghost (D:8)
  Grum (D:9)
  A water moccasin (D:6)
  Duvessa (D:6)
  4 orc warriors
  A porcupine (D:8)
  A phantom (D:8)
  2 sky beasts
  An ice beast (D:9)
  A black bear (D:8)
  4 wolves (D:9)
  A centaur (D:7)
  3 ogres
  A crocodile (D:7)
  4 big kobolds
  Blork the orc (D:4)
  Dowan (D:6)
  2 bullfrogs (D:8)
  A wyvern skeleton (D:6)
  A scorpion (D:8)
  2 howler monkeys
  A centaur zombie (D:6)
  6 crimson imps
  A hound (D:4)
  2 jellies
  3 orc priests
  A gnoll shaman (D:8)
  3 iguanas
  Terence (D:3)
  3 orc wizards
  Natasha (D:3)
  6 worker ants
  3 adders
  9 gnolls
  A howler monkey skeleton (D:4)
  A shadow imp (D:6)
  An ooze (D:2)
  An adder skeleton (D:4)
  3 worms
  A dart slug (D:3)
  3 leopard geckos
  22 orcs
  4 bats
  7 giant cockroaches
  5 goblins
  3 hobgoblins (D:3)
  8 jackals
  7 kobolds
  2 quokkas
  5 frilled lizards
  A quokka zombie (D:7)
  3 rats
  3 fungi (D:8)
167 creatures vanquished.

Vanquished Creatures (others)
  A fungus (D:8)
  A plant (D:8)
2 creatures vanquished.

Grand Total: 169 creatures vanquished

Notes
Turn   | Place    | Note
-------+----------+-------------------------------------------
     0 | D:1      | troglodite the Demonspawn Berserker began the quest for the
                  | Orb.
     0 | D:1      | Reached XP level 1. HP: 18/18 MP: 1/1
   553 | D:2      | Gained mutation: You have a pair of small antennae on your
                  | head. [demonic ancestry]
   553 | D:2      | Reached XP level 2. HP: 24/24 MP: 2/2
   604 | D:2      | Found a shimmering altar of Xom.
  1104 | D:2      | Reached XP level 3. HP: 30/30 MP: 3/3
  1430 | D:3      | Gained mutation: You are partially covered in large bone
                  | plates. (SH +4) [demonic ancestry]
  1430 | D:3      | Reached XP level 4. HP: 37/37 MP: 4/4
  1503 | D:3      | Reached ** piety under Trog
  1507 | D:3      | Reached skill level 1 in Polearms
  1515 | D:3      | Gained mutation: When hurt, damage is shared between your
                  | health and your magic reserves. [demonic ancestry]
  1515 | D:3      | Reached XP level 5. HP: 42/42 MP: 5/5
  1632 | D:3      | Found a burning altar of Makhleb.
  1678 | D:3      | Noticed Terence
  1688 | D:3      | Killed Terence
  1696 | D:3      | Noticed Grinder
  1704 | D:3      | Paralysed by Grinder for 2 turns
  1717 | D:3      | Paralysed by Grinder for 3 turns
  1722 | D:3      | Paralysed by Grinder for 3 turns
  1728 | D:3      | Killed Grinder
  1728 | D:3      | Gained mutation: You are mostly covered in large bone
                  | plates. (SH +6) [demonic ancestry]
  1728 | D:3      | Reached XP level 6. HP: 13/49 MP: 3/6
  2213 | D:3      | Noticed Natasha
  2226 | D:3      | Killed Natasha
  2765 | D:4      | Found a deep blue altar of Sif Muna.
  2789 | D:4      | Noticed Blork the orc
  2799 | D:4      | Killed Blork the orc
  2799 | D:4      | Gained mutation: You are completely covered in large bone
                  | plates. (SH +8) [demonic ancestry]
  2799 | D:4      | Reached XP level 7. HP: 55/55 MP: 7/7
  3100 | D:4      | Found an ornate altar of the Wu Jian Council.
  3567 | D:5      | Entered Level 5 of the Dungeon
  3653 | D:5      | Found a hide-covered altar of Uskayaw.
  3873 | D:5      | Reached *** piety under Trog
  4009 | D:5      | Found a bloodstained altar of Trog.
  4129 | D:5      | Found a staircase to the Ecumenical Temple.
  4448 | D:6      | Reached skill level 5 in Fighting
  4544 | D:6      | You fall through a shaft for 2 floors!
  4796 | D:6      | Reached skill level 5 in Polearms
  4802 | D:6      | Reached skill level 1 in Stealth
  4802 | D:6      | Reached XP level 8. HP: 62/62 MP: 8/8
  4862 | D:6      | Found a sacrificial altar of Ru.
  4862 | D:6      | Found a stormy altar of Qazlal.
  4880 | D:6      | Noticed Dowan
  4882 | D:6      | Noticed Duvessa
  4892 | D:6      | Killed Duvessa
  4895 | D:6      | Killed Dowan
  5299 | D:6      | Noticed Prince Ribbit
  5307 | D:6      | Killed Prince Ribbit
  5307 | D:6      | Reached **** piety under Trog
  5307 | D:6      | Reached skill level 5 in Armour
  5761 | D:7      | Reached XP level 9. HP: 69/69 MP: 9/9
  5969 | D:7      | Found a shattered altar of Ashenzari.
  6448 | D:7      | Found a runed gate.
  6449 | D:7      | Found a runed gate.
  6449 | D:7      | Found a runed gate.
  6454 | D:7      | Noticed jombi's ghost (novice DsVM)
  6545 | D:7      | Found an ancient bone altar of Kikubaaqudgha.
  6675 | D:8      | Noticed a two-headed ogre
  6681 | D:8      | Killed a two-headed ogre
  6755 | D:8      | Noticed Maurice
  6805 | D:8      | Killed Maurice
  7102 | D:8      | Gained mutation: You regenerate magic rapidly. [demonic
                  | ancestry]
  7102 | D:8      | Reached XP level 10. HP: 56/79 MP: 10/10
  7177 | D:8      | Found a staircase to the Lair.
  7182 | D:8      | Reached skill level 5 in Dodging
  7696 | D:8      | Reached ***** piety under Trog
  7806 | D:8      | Noticed a three-headed hydra
  7814 | D:8      | Killed a three-headed hydra
  8291 | D:9      | Found a shattered altar of Ashenzari.
  8479 | D:9      | Noticed Grum
  8497 | D:9      | Killed Grum
  8507 | D:9      | Reached skill level 1 in Axes
  8769 | D:9      | Noticed a cyan ugly thing
  8799 | D:9      | Slain by a cyan ugly thing

Skill      XL: |  1  2  3  4  5  6  7  8  9 10 |
---------------+-------------------------------+-----
Long Blades    | 3 |  3.4
Armour         | 2 3 4 5 6 8 |  8.0
Dodging        | 2 3 4 5 |  5.7
Fighting       | 4 5 7 8 |  8.4
Polearms       | 1 2 3 5 6 8 |  8.8
Stealth        | 1 2 |  2.6
Axes           | 1 |  1.3

Action                   |  1- 3 |  4- 6 |  7- 9 | 10-12 || total
-------------------------+-------+-------+-------+-------++-------
Melee: Falchion          |    51 |       |       |       ||    51
       Spear             |    61 |   108 |   341 |   137 ||   647
       Hand axe          |       |       |       |    91 ||    91
Invok: Berserk           |     2 |     4 |     9 |     8 ||    23
  Use: Scroll            |       |       |     1 |    11 ||    12
       Potion            |       |       |     1 |       ||     1
 Stab: Sleeping          |     1 |       |       |       ||     1
  Eat: Chunk             |     3 |     8 |    12 |    12 ||    35
       Ration            |       |       |     3 |     1 ||     4
Armor: Animal skin       |     7 |       |       |       ||     7
       Plate armour      |    72 |    44 |   106 |    67 ||   289
       Skin              |       |       |    10 |       ||    10
Dodge: Dodged            |    49 |    19 |    73 |    54 ||   195
Block: Other             |       |    13 |    75 |    60 ||   148
       Rpst.: Falchion   |    13 |       |       |       ||    13
